 Dungeon Crawl Stone Soup version 0.31-a0-604-g8e0283293c (webtiles) character file.

Game seed: 7274088922711825427

10763 Crownlay the Spear-Bearer (level 11, -5/75 HPs)
             Began as a Demonspawn Gladiator on Aug 21, 2023.
             Was a High Priest of Okawaru.
             Slain by Jorgrun
             ... wielding a staff of earth
              (11 damage)
             ... on level 12 of the Dungeon.
             The game lasted 00:22:37 (12188 turns).

Crownlay the Spear-Bearer (Demonspawn Gladiator)   Turns: 12188, Time: 00:22:38

Health: -5/75      AC: 10    Str: 25    XL:     11   Next: 40%
Magic:  0/17       EV: 17    Int:  9    God:    Okawaru [*****.]
Gold:   716        SH:  6    Dex: 15    Spells: 10/10 levels left

rFire   . . .        j - +1 halberd
rCold   + . .        (shield currently unavailable)
rNeg    . . .        t - +2 ring mail {rC+}
rPois   .            c - +0 helmet
rElec   .            (no cloak)
rCorr   .            a - +0 pair of gloves
SInv    .            (no boots)
Will    .....        s - amulet of guardian spirit
Stlth   +            h - +6 ring of strength
HPRegen 0.32/turn    G - +5 ring of evasion
MPRegen 0.15/turn

%: guardian spirit
@: no status effects
A: large bone plates 2, foul stench 2, spiny 1
a: Renounce Religion, Heroism, Finesse, Duel


You were on level 12 of the Dungeon.
You worshipped Okawaru.
Okawaru was extremely pleased with you.
You visited 1 branch of the dungeon, and saw 12 of its levels.

You collected 716 gold pieces.

Inventory:

Hand Weapons
 j - a +1 halberd (weapon)
 r - the +10 sling of the Establishment {drain, +Blink rC+++ Str+5 Stlth-}
   (You found it on level 3 of the Dungeon)

   Str+5:     It affects your strength (+5).
   rC+++:     It renders you almost immune to cold.
   +Blink:    It lets you blink.
   Stlth-:    It makes you less stealthy.
Missiles
 e - 3 javelins
 g - 4 silver javelins
 H - 7 boomerangs (quivered)
Armour
 a - a +0 pair of gloves (worn)
 c - a +0 helmet (worn)
 t - a +2 ring mail of cold resistance (worn)
 w - a +0 kite shield
Jewellery
 h - a +6 ring of strength (left hand)
 k - a ring of protection from cold
 s - an amulet of guardian spirit (around neck)
 A - a ring of protection from fire
 G - a +5 ring of evasion (right hand)
Talismans
 K - a maw talisman
Wands
 d - a wand of mindburst (12)
 z - a wand of roots (11)
 B - a wand of polymorph (16)
Scrolls
 b - 3 scrolls of immolation
 f - 5 scrolls of teleportation
 i - a scroll of fear {unknown}
 m - a scroll of revelation
 q - 2 scrolls of noise
 u - 2 scrolls of enchant armour
 x - 2 scrolls of vulnerability
 y - a scroll of torment {unknown}
 D - a scroll of enchant weapon {unknown}
 E - a scroll of fog
 I - a scroll of summoning {unknown}
 N - a scroll of blinking {unknown}
Potions
 l - 3 potions of brilliance
 n - 5 potions of lignification
 o - 6 potions of enlightenment
 p - 4 potions of curing
 v - a potion of ambrosia {unknown}
 C - a potion of cancellation {unknown}
 F - a potion of haste {unknown}
 J - 2 potions of attraction {unknown}
 L - a potion of degeneration {unknown}
 M - 2 potions of magic {unknown}
 P - a potion of mutation {unknown}


   Skills:
 + Level 3.4 Fighting
 * Level 12.5 Polearms
 - Level 6.0 Throwing
 + Level 4.4 Armour
 - Level 2.6 Dodging
 - Level 2.0 Shields
 + Level 8.9 Invocations
 + Level 4.7 Evocations


You had 10 spell levels left.
You didn't know any spells.
Your spell library contained the following spells:

 Spells                   Type           Power      Damage    Failure   Level
 Kiss of Death            Conj/Necr      0%         2d5       52%         1
 Confusing Touch          Hex            0%         N/A       87%         3
 Portal Projectile        Hex/Tloc       0%         N/A       87%         3
 Dispel Undead            Necr           0%         3d6       99%         4
 Leda's Liquefaction      Hex/Erth       0%         N/A       99%         4
 Lee's Rapid Deconstruct  Erth           0%         3d4*      100%        5
 Leda's Unmaking          Conj/Erth      0%         9d1       100%        6
 Borgnjor's Revivificati  Necr           0%         N/A       100%        8
 Death's Door             Necr           0%         N/A       100%        9
 Call Canine Familiar     Summ           Unusable   N/A       N/A         3
 Haunt                    Necr/Summ      Unusable   N/A       N/A         7

Dungeon Overview and Level Annotations

Branches:
Dungeon (12/15)            Temple (0/1) D:7            Lair (0/5) D:11
    Orc: D:9-12

Altars:
Ashenzari
Cheibriados
Dithmenos
Gozag
Makhleb
Nemelex Xobeh
Okawaru
Sif Muna
Trog
Uskayaw
Vehumet
Wu Jian
Xom
Yredelemnul

Shops:
D:4 [

Annotations:
D:12 Jorgrun


Innate Abilities, Weirdness & Mutations

You are mostly covered in large bone plates. (SH +6)
You sometimes emit foul miasma when damaged in melee.
You are partially covered in sharp spines.


Message History

You emit a cloud of foul miasma!
You barely miss Jorgrun.
Jorgrun is moderately wounded.
Jorgrun is engulfed in dark miasma.
Jorgrun is poisoned.
Jorgrun seems to slow down.
Jorgrun is struck by your spines. Jorgrun completely misses you.
You miss Jorgrun.
Jorgrun is moderately wounded.
Jorgrun is no longer moving slowly.
Jorgrun is engulfed in dark miasma.
Jorgrun looks even sicker.
Jorgrun seems to slow down.
You block Jorgrun's attack.
You miss Jorgrun.
Jorgrun is moderately wounded.
Jorgrun is no longer moving slowly.
You miss Jorgrun.
Jorgrun is moderately wounded.
Jorgrun is engulfed in dark miasma.
Jorgrun looks even sicker.
Jorgrun misses you.
You closely miss Jorgrun.
Jorgrun is moderately wounded.
Jorgrun is engulfed in dark miasma.
Jorgrun looks as sick as possible!
Jorgrun seems to slow down.
Jorgrun is struck by your spines. Jorgrun hits you with a staff of earth!
You hit Jorgrun but do no damage.
Jorgrun is heavily wounded.
Jorgrun is engulfed in dark miasma.
Jorgrun looks as sick as possible!
Jorgrun seems to slow down.
Jorgrun is struck by your spines. Jorgrun hits you with a staff of earth.
Jorgrun shatters you!
* * * LOW HITPOINT WARNING * * *
Okay, then.
Okay, then.
Aiming: Fastroot
Press: ? - help, Shift-Dir - straight line The roots erupt in riotous growth!
Roots grab Jorgrun.
The grasping roots constrict Jorgrun.
Jorgrun is engulfed in dark miasma.
Jorgrun looks as sick as possible!
Jorgrun hits you with a staff of earth!
* * * LOW HITPOINT WARNING * * *
Jorgrun shatters you!
You die...

#########+###
#...........#
#.....).....#
#$.....@....#
#.....))g)..#
#......)....#
+.........).#
#.........>.+
#...........#
#####+#######


You could see Jorgrun (extremely poisoned, slow, rooted).

Vanquished Creatures
  Pikel (D:7)
  An ugly thing (D:11)
  Joseph (D:7)
  An unseen horror (D:11)
  3 trolls
  A hornet (D:9)
  2 shadows
  A vampire (D:11)
  2 wraiths (D:11)
  2 wyverns
  5 yaks (D:10)
  Menkaure (D:7)
  3 steam dragons
  An acid dragon (D:9)
  A water moccasin (D:7)
  4 ice beasts
  3 black bears
  11 orc warriors
  An ogre (D:6)
  2 centaurs
  A phantom (D:5)
  A kobold brigand (D:4)
  3 bullfrogs
  A gnoll sergeant (D:5)
  4 scorpions
  24 wights
  20 killer bees
  8 howler monkeys
  4 jellies
  5 orc priests
  6 hounds
  6 iguanas
  A gnoll bouda (D:8)
  2 sleepcaps
  12 orc wizards
  5 gnolls (D:8)
  6 adders
  A shadow imp (D:5)
  A white imp (D:6)
  2 worms
  2 dart slugs
  49 orcs
  2 bats (D:1)
  5 endoplasms
  A giant cockroach (D:1)
  5 goblins
  3 hobgoblins
  9 jackals (D:1)
  10 kobolds
  5 quokkas
  7 ball pythons
  2 frilled lizards
  9 rats
269 creatures vanquished.

Notes
Turn   | Place    | Note
-------+----------+-------------------------------------------
     0 | D:1      | Crownlay the Demonspawn Gladiator began the quest for the
                  | Orb.
     0 | D:1      | Reached XP level 1. HP: 16/16 MP: 1/1
    41 | D:1      | Reached skill level 3 in Polearms
    79 | D:1      | Gained mutation: You are partially covered in sharp spines.
                  | [demonic ancestry]
    79 | D:1      | Reached XP level 2. HP: 22/22 MP: 2/2
   221 | D:1      | Reached skill level 1 in Shields
   329 | D:1      | Gained mutation: You may rarely emit foul miasma when
                  | damaged in melee. [demonic ancestry]
   329 | D:1      | Reached XP level 3. HP: 27/27 MP: 3/3
  1039 | D:2      | Found a shimmering blue altar of Sif Muna.
  1787 | D:3      | Found a basalt altar of Yredelemnul.
  1908 | D:3      | Found a faded altar of an unknown god.
  1912 | D:3      | Identified the +10 sling of the Establishment {drain,
                  | +Blink rC+++ Str+5 Stlth-}
  2034 | D:3      | Gained mutation: You sometimes emit foul miasma when
                  | damaged in melee. [demonic ancestry]
  2034 | D:3      | Reached XP level 4. HP: 31/33 MP: 4/4
  2279 | D:3      | Reached skill level 4 in Polearms
  2623 | D:4      | Noticed a kobold brigand
  2629 | D:4      | Killed a kobold brigand
  2630 | D:4      | Reached skill level 1 in Armour
  2630 | D:4      | Reached XP level 5. HP: 30/38 MP: 5/5
  2819 | D:4      | Found a shimmering altar of Xom.
  3032 | D:4      | Found Yzeinirch's Armour Emporium.
  3049 | D:4      | Reached XP level 6. HP: 44/44 MP: 6/6
  3541 | D:5      | Entered Level 5 of the Dungeon
  3541 | D:5      | Noticed an ice beast
  3541 | D:5      | Found a broken altar of Ashenzari.
  3557 | D:5      | Killed an ice beast
  3558 | D:5      | Reached skill level 5 in Polearms
  3634 | D:5      | Noticed an orc warrior
  3646 | D:5      | Killed an orc warrior
  3647 | D:5      | Reached XP level 7. HP: 33/50 MP: 7/7
  3853 | D:5      | Reached skill level 6 in Polearms
  4106 | D:5      | Found a sparkling altar of Nemelex Xobeh.
  4110 | D:5      | Found a shadowy altar of Dithmenos.
  4119 | D:5      | Found a shimmering blue altar of Sif Muna.
  4171 | D:5      | Found a radiant altar of Vehumet.
  4423 | D:5      | Noticed a +0 spear
  4424 | D:5      | Noticed a +0 spear
  4425 | D:5      | Noticed a +0 dagger
  4425 | D:5      | Noticed a +0 short sword
  4426 | D:5      | Noticed a +0 short sword
  4426 | D:5      | Noticed a +0 falchion
  4426 | D:5      | Noticed a +0 dagger
  4426 | D:5      | Noticed a +0 falchion
  4429 | D:5      | Found a hide-covered altar of Uskayaw.
  4591 | D:6      | Gained mutation: You are partially covered in large bone
                  | plates. (SH +4) [demonic ancestry]
  4591 | D:6      | Reached XP level 8. HP: 48/56 MP: 8/8
  4979 | D:6      | Reached skill level 7 in Polearms
  5380 | D:6      | Reached skill level 5 in Throwing
  5536 | D:7      | Found an iron altar of Okawaru.
  5539 | D:7      | Noticed Pikel
  5562 | D:7      | Killed Pikel
  5563 | D:7      | Reached skill level 8 in Polearms
  5563 | D:7      | Reached XP level 9. HP: 12/61 MP: 9/9
  5753 | D:7      | Became a worshipper of Warmaster Okawaru
  5790 | D:7      | Found a snail-covered altar of Cheibriados.
  6000 | D:7      | Reached skill level 9 in Polearms
  6181 | D:7      | Noticed Joseph
  6204 | D:7      | Killed Joseph
  6205 | D:7      | Reached skill level 1 in Invocations
  6205 | D:7      | Reached skill level 1 in Evocations
  6219 | D:7      | Noticed Menkaure
  6233 | D:7      | Reached * piety under Okawaru
  6235 | D:7      | Killed Menkaure
  6620 | D:7      | Reached skill level 10 in Polearms
  6715 | D:7      | Found a staircase to the Ecumenical Temple.
  7144 | D:8      | Found an ornate altar of the Wu Jian Council.
  7176 | D:8      | Reached ** piety under Okawaru
  7181 | D:8      | Reached XP level 10. HP: 65/67 MP: 13/13
  7308 | D:8      | Reached skill level 5 in Invocations
  7505 | D:8      | Found a bloodstained altar of Trog.
  8044 | D:9      | Paralysed by a hornet for 3 turns
  8059 | D:9      | Reached skill level 11 in Polearms
  8068 | D:9      | Reached *** piety under Okawaru
  9100 | D:9      | Found an opulent altar of Gozag.
  9468 | D:9      | Found a burning altar of Makhleb.
  9468 | D:9      | Noticed a balrug
  9472 | D:9      | Noticed an orange demon
  9472 | D:9      | Noticed an orange demon
  9509 | D:10     | Entered Level 10 of the Dungeon
  9649 | D:9      | Reached **** piety under Okawaru
  9807 | D:10     | Reached skill level 12 in Polearms
  9949 | D:10     | Gained mutation: You are mostly covered in large bone
                  | plates. (SH +6) [demonic ancestry]
  9949 | D:10     | Reached XP level 11. HP: 56/72 MP: 17/17
 10729 | D:11     | Noticed a cyan ugly thing
 11074 | D:11     | Killed a cyan ugly thing
 11266 | D:11     | Received a gift from Okawaru
 11494 | D:11     | Reached ***** piety under Okawaru
 11879 | D:11     | Found a staircase to the Lair.
 12166 | D:12     | Noticed Jorgrun
 12188 | D:12     | Slain by Jorgrun

Illustrated notes

Levels and vault maps discovered:
D:1:      dpeg_arrival_rooms_with_view, layout_basic
D:2:      layout_loops_corners, basic_altar, serial_park_tiny_1,
          minmay_misc_feat_four_crosses
D:3:      layout_basic, marbit_many_paths, shapermc_ecumenical_altar_petra
D:4:      layout_basic, lemuel_doored_altar, serial_shops,
          nicolae_take_the_stairs
D:5:      layout_loops_ring, nicolae_uskayaw_en_pointe,
          cheibrodos_ashenzari_chains, gammafunk_temple_overflow_forgotten,
          nicolae_overflow_two_pavilions, sword_in_stone
D:6:      layout_loops_ring, elyvilon_altar_5
D:7:      layout_basic, mainiacjoe_overflow_boulevard, slow_altar_1,
          minmay_temple_entry_glassed_door, amethyst_killhole, uniq_pikel,
          uniq_joseph, uniq_menkaure
D:8:      layout_loops_ring, trog_ov_bears_minmay, nicolae_wu_jian_wuxing_cycle
D:9:      layout_loops_ring, nicolae_gozag_seed_capital,
          makhleb_altar_promises_db
D:10:     layout_rooms, hex_medium, nicolae_letterblocks
          [nicolae_letter_subblock, nicolae_letter_subblock,
          nicolae_letter_subblock, nicolae_letter_subblock,
          nicolae_letter_subblock, nicolae_letter_subblock,
          nicolae_letter_subblock, nicolae_letter_subblock,
          nicolae_letter_subblock, nicolae_letter_subblock,
          nicolae_letter_subblock, nicolae_letter_subblock,
          nicolae_letter_subblock, nicolae_letter_subblock,
          nicolae_letter_subblock, nicolae_letter_subblock,
          nicolae_letter_subblock, nicolae_letter_subblock,
          nicolae_letter_subblock, nicolae_letter_subblock,
          nicolae_letter_subblock, nicolae_letter_subblock,
          nicolae_letter_subblock, nicolae_letter_subblock,
          nicolae_letter_subblock]
D:11:     hellmonk_ruined_rings, layout_basic, grunt_lair_entry_orc_guard_hut,
          serial_co_window_serial, co_window_paths_a, co_window_paths_b,
          co_window_paths_b, co_window_corner_a, co_window_corner_a,
          co_window_2corner, co_window_of_opportunity_b,
          co_window_unsneaky_path_e, co_window_2corner,
          co_window_unsneaky_path_d, co_window_4corner_b, glass_columns_a,
          glass_columns_a, glass_columns_c, glass_columns_a
D:12:     layout_roguey, orc_0_dummy, kennysheep_generic_room_16, uniq_jorgrun

Skill      XL: |  1  2  3  4  5  6  7  8  9 10 11 |
---------------+----------------------------------+-----
Polearms       | 3 4 5 6 8 10 12 | 12.5
Shields        | 1 2 |  2.0
Throwing       | 2 3 4 5 6 |  6.0
Armour         | 1 2 3 4 |  4.4
Invocations    | 4 8 |  8.9
Evocations     | 3 4 |  4.7
Fighting       | 3 |  3.4
Dodging        | |  2.6

Action                     |  1- 3 |  4- 6 |  7- 9 | 10-12 || total
---------------------------+-------+-------+-------+-------++-------
  Melee: Trident           |   123 |    89 |   404 |   270 ||   886
         Punch             |     1 |       |     3 |     4 ||     8
         Halberd           |       |       |       |   152 ||   152
  Throw: Throwing net      |       |     4 |     4 |       ||     8
         Javelin           |       |     2 |     3 |     1 ||     6
         Boomerang         |       |       |     2 |     5 ||     7
  Evoke: Wand              |       |       |     7 |    17 ||    24
    Use: Scroll            |       |     8 |     2 |     3 ||    13
         Potion            |       |       |       |     4 ||     4
   Stab: Sleeping          |     1 |       |       |       ||     1
         Held in net/web   |       |     1 |     4 |       ||     5
         Invisible         |       |       |     1 |     1 ||     2
 Armour: Leather armour    |    18 |     2 |       |       ||    20
         Ring mail         |       |    12 |    47 |    74 ||   133
  Dodge: Dodged            |    56 |    33 |   152 |   223 ||   464
  Block: Other             |       |       |    30 |    50 ||    80

Table legend: (Time is in decaauts)
 A = Elapsed time spent in this place.
 B = Non-inter-level travel time spent in this place.
 C = Inter-level travel time spent in this place.
 D = Time resting spent in this place.
 E = Time spent auto-exploring this place.
 F = Levels seen in this place.
 G = Mean time per level.
                   A        B        C        D        E       F      G
               +--------+--------+--------+--------+--------+-----+--------+
         Total |  12082 |  11645 |    437 |    212 |   9481 |  12 | 1006.8 |
       Dungeon |  12082 |  11645 |    437 |    212 |   9481 |  12 | 1006.8 |
               +--------+--------+--------+--------+--------+-----+--------+

Top non-repeatable levels by time:
     D:9: 1521 daAuts
    D:11: 1476 daAuts
     D:7: 1421 daAuts
     D:8: 1225 daAuts
     D:5: 1023 daAuts
     D:3: 989 daAuts
     D:4: 967 daAuts
     D:6: 945 daAuts
    D:10: 889 daAuts
     D:2: 828 daAuts
     D:1: 774 daAuts
    D:12: 19 daAuts
